 Dungeon Crawl Stone Soup version 0.19-a0-1071-g4ed3155 (webtiles) character file.

2484 4thArraOfDagon the Grappler (level 9, -2/75 HPs)
             Began as a Troll Arcane Marksman on Aug 5, 2016.
             Was an Initiate of Sif Muna.
             Slain by a river rat (9 damage)
             ... on level 8 of the Dungeon.
             The game lasted 00:07:09 (1618 turns).

4thArraOfDagon the Grappler (Troll Arcane Marksman) Turns: 1618, Time: 00:07:10

Health: -2/75      AC:  6    Str: 25 (26) XL:     9   Next: 27%
Magic:  9/9        EV:  4    Int: 12      God:    Sif Muna [......]
Gold:   219        SH:  0    Dex:  7 (9)  Spells: 1 memorised, 9 levels left

rFire  . . .     SeeInvis .       - Unarmed
rCold  . . .     Gourm    +     a - +0 robe
rNeg   . . .     Faith    .     (no shield)
rPois  .         Spirit   .     (helmet restricted)
rElec  .         Dismiss  .     t - +0 cloak
rCorr  .         Reflect  .     (gloves unavailable)
SustAt .         Harm     +     (boots unavailable)
MR     .....                    v - amulet of harm
Stlth  +.........               (no ring)
                                (no ring)

@: mighty, flying (expiring)
A: unfitting armour, claws 3, fast metabolism 3, gourmand, regeneration 2,
shaggy fur 1, tough skin 2
a: Renounce Religion


You were on level 8 of the Dungeon.
You worshipped Sif Muna.
Sif Muna was noncommittal.
You were full.

You visited 1 branch of the dungeon, and saw 8 of its levels.

You collected 219 gold pieces.

Inventory:

Hand Weapons
 s - a +0 giant spiked club
Missiles
 c - a large rock (quivered)
 d - 2 throwing nets
Armour
 a - a +0 robe (worn)
 t - a +0 cloak (worn)
Jewellery
 i - an uncursed amulet of guardian spirit
 v - an amulet of harm (around neck)
Scrolls
 h - a scroll of enchant weapon {unknown}
 j - a scroll of teleportation {unknown}
 l - a scroll of identify {unknown}
 o - a scroll of amnesia {unknown}
 u - a scroll of blinking {unknown}
Potions
 n - a potion of degeneration
Books
 b - a book of Debilitation

   Spells                             Type                      Level
   a - Corona                         Hexes                        1
   b - Slow                           Hexes                        2
   c - Gell's Gravitas                Hexes/Translocation          3
   d - Inner Flame                    Hexes/Fire                   3
   e - Cause Fear                     Hexes                        4
   f - Leda's Liquefaction            Hexes/Earth                  4
 e - a book of the Sky

   Spells                             Type                      Level
   a - Summon Lightning Spire         Summoning/Air                4
   b - Airstrike                      Air                          4
   c - Silence                        Hexes/Air                    5
   d - Deflect Missiles               Charms/Air                   6
   e - Conjure Ball Lightning         Conjuration/Air              6
   f - Tornado                        Air                          9
Comestibles
 f - 4 bread rations
 g - 4 fruits
 p - a meat ration


   Skills:
 - Level 0.7 Fighting
 - Level 1.7 Throwing
 - Level 1.5 Dodging
 * Level 12.2 Unarmed Combat
 - Level 1.0 Spellcasting
 - Level 2.0 Hexes


You had 9 spell levels left.
You knew the following spells:

 Your Spells              Type           Power        Failure   Level  Hunger
a - Corona                Hex            #......      14%         1    ##.....


Dungeon Overview and Level Annotations

Branches:
Dungeon (8/15)             Temple (0/1) D:6            Lair (0/6) D:8

Altars:
Sif Muna


Innate Abilities, Weirdness & Mutations

You are too large for most types of armour.
You have claws for hands.
Your metabolism is lightning-fast.
You like to eat raw meat.
You heal very quickly.
You are covered in fur. (AC +1)
You have very tough skin. (AC +2)


Message History

Unknown command.
You are starting to lose your buoyancy.
Found a bread ration.
Unknown command.
Found 17 stones.
Unknown command.
The river rat bites you.
* * * LOW HITPOINT WARNING * * *
Found 15 gold pieces.
Unknown command.
The river rat barely misses you. The river rat closely misses you.
There is a staircase to the Lair here.
Unknown command.
Unknown command.
The river rat bites you.
* * * LOW HITPOINT WARNING * * *
The river rat bites you.
* * * LOW HITPOINT WARNING * * *
The river rat bites you!
You die...

...#.P..♣.#..
......(.......##
.......%......P.#.
.....♣...[...♣.♣..
#..........P.P....
#.....P....P......
#..........P.P....
#....PPrYr@..)....
#......rrP.....♣
#..♣†.Y♣.......P
#......YY.♣P...#
#####.............$#
..........Y.......##
.........(....P.P.#
######.............
#....<......#..


You could see 5 yaks, a porcupine and 3 river rats.

Vanquished Creatures
  A two-headed ogre (D:6)
  6 yaks (D:8)
  A water moccasin (D:7)
  2 porcupines (D:8)
  2 ice beasts (D:7)
  A phantom (D:7)
  An ogre (D:7)
  A crocodile (D:8)
  3 howler monkeys
  A centaur zombie (D:7)
  A crimson imp (D:6)
  3 hounds
  4 orc wizards
  An orc priest (D:4)
  An iguana (D:6)
  2 worker ants
  A hound zombie (D:7)
  4 gnolls (D:6)
  3 adders
  3 river rats (D:8)
  2 adder skeletons
  2 worms
  2 giant geckos
  12 orcs
  3 ball pythons
  A bat (D:1)
  A giant cockroach (D:5)
  11 goblins (D:6)
  8 hobgoblins (D:6)
  3 jackals (D:6)
  8 kobolds
  2 quokkas
  A giant cockroach zombie (D:6)
98 creatures vanquished.

Vanquished Creatures (others)
  A bush (D:8)
  3 plants (D:8)
4 creatures vanquished.

Grand Total: 102 creatures vanquished

Notes
Turn   | Place    | Note
-------+----------+-------------------------------------------
     0 | D:1      | 4thArraOfDagon the Troll Arcane Marksman began the quest for the Orb.
     0 | D:1      | Reached XP level 1. HP: 18/18 MP: 1/1
    78 | D:1      | Reached skill level 1 in Unarmed Combat
   163 | D:3      | Reached XP level 2. HP: 24/26 MP: 2/2
   218 | D:3      | 4thArraOfDagon: sorry didnt see your message
   288 | D:4      | Reached skill level 2 in Unarmed Combat
   313 | D:4      | Reached XP level 3. HP: 27/32 MP: 0/3
   323 | D:4      | Found a deep blue altar of Sif Muna.
   327 | D:4      | Became a worshipper of Sif Muna the Loreminder
   360 | D:4      | Reached skill level 3 in Unarmed Combat
   363 | D:4      | Reached XP level 4. HP: 40/40 MP: 4/4
   370 | D:4      | Reached skill level 4 in Unarmed Combat
   408 | D:5      | Entered Level 5 of the Dungeon
   431 | D:6      | Noticed a two-headed ogre
   450 | D:5      | Reached skill level 5 in Unarmed Combat
   450 | D:5      | Reached XP level 5. HP: 29/46 MP: 2/5
   593 | D:6      | Found a staircase to the Ecumenical Temple.
   751 | D:6      | Reached XP level 6. HP: 43/54 MP: 6/6
   762 | D:6      | Reached skill level 6 in Unarmed Combat
  1112 | D:6      | Killed a two-headed ogre
  1112 | D:6      | Reached skill level 7 in Unarmed Combat
  1112 | D:6      | Reached XP level 7. HP: 51/61 MP: 5/7
  1198 | D:7      | Reached skill level 8 in Unarmed Combat
  1413 | D:8      | Noticed a yak
  1428 | D:7      | Reached skill level 9 in Unarmed Combat
  1430 | D:7      | Reached XP level 8. HP: 50/68 MP: 8/8
  1556 | D:8      | Reached skill level 10 in Unarmed Combat
  1569 | D:8      | Reached skill level 11 in Unarmed Combat
  1589 | D:8      | Reached XP level 9. HP: 70/75 MP: 9/9
  1598 | D:8      | Reached skill level 12 in Unarmed Combat
  1608 | D:8      | Found a staircase to the Lair.
  1618 | D:8      | Slain by a river rat

Vault maps used:
D:1:      evilmike_arrival_rings, minmay_heptomino_o4
D:2:      kb_forest_paths, first_bread
D:3:      nicolae_overflow_quartered_altars, grunt_decor_cap,
          nicolae_ru_the_path_less_chosen
D:4:      marbit_many_paths, uniq_crazy_yiuf_cottage
D:5:      minmay_overflow_temple_star_quad
D:6:      corexii_shantytown, kennysheep_little_box
D:8:      minmay_lair_entry_grove

Skill      XL: |  1  2  3  4  5  6  7  8  9 |
---------------+----------------------------+-----
Unarmed Combat | 1 2 3 5 7 9 11 12 | 12.2
Fighting       | |  0.7
Throwing       | |  1.7
Dodging        | |  1.5
Spellcasting   | |  1.0
Hexes          | |  2.0

Action                   |  1- 3 |  4- 6 |  7- 9 || total
-------------------------+-------+-------+-------++-------
Melee: Unarmed           |    35 |   212 |   111 ||   358
       Punch             |       |     1 |     4 ||     5
Throw: Large rock        |       |     1 |     4 ||     5
  Use: Potion            |       |       |     5 ||     5
       Scroll            |       |       |     2 ||     2
 Stab: Fleeing           |       |       |     1 ||     1
  Eat: Chunk             |     1 |    13 |     3 ||    17
Armor: Robe              |     8 |    69 |    45 ||   122
Dodge: Dodged            |    17 |   106 |    46 ||   169
